 Dungeon Crawl Stone Soup version 0.30-a0-777-ga9a30cbeda (webtiles) character file.

Game seed: 5808614985012142091

513 Lobster4 the Digger (level 7, -1/40 HPs)
             Began as a Gargoyle Earth Elementalist on Feb 14, 2023.
             Slain by Blork the orc
             ... wielding a +0 halberd
              (8 damage)
             ... on level 4 of the Dungeon.
             The game lasted 00:10:39 (3812 turns).

Lobster4 the Digger (Gargoyle Earth Elementalist)   Turns: 3812, Time: 00:10:39

Health: -1/40      AC: 11    Str: 12    XL:     7   Next: 20%
Magic:  4/11       EV: 11    Int: 17    God:
Gold:   177        SH:  0    Dex: 10    Spells: 6/12 levels left

rFire   + . .      SeeInvis .    j - +0 mace
rCold   x . .      Faith    .    (no shield)
rNeg    + . .      Spirit   .    q - +0 leather armour
rPois   ∞          Reflect  .    (no helmet)
rElec   +          Harm     .    (no cloak)
rCorr   .          Rampage  .    (no gloves)
Will    .....                    d - +2 pair of boots
Stlth   ++                       (no amulet)
HPRegen 0.26/turn                e - ring of fire
MPRegen 0.12/turn                (no ring)

@: no status effects
A: sickness immunity, AC +4, negative energy resistance 1, electricity
resistance, torment resistance 1, petrification resistance
a: no special abilities


You were on level 4 of the Dungeon.
You visited 1 branch of the dungeon, and saw 4 of its levels.
You also visited: Sewer.

You collected 177 gold pieces.

Inventory:

Hand Weapons
 f - a +0 dagger
 i - a +0 short sword
 j - a +0 mace (weapon)
 w - a +0 shortbow
Missiles
 p - 9 poisoned darts (quivered)
Armour
 a - a +0 robe
 d - a +2 pair of boots (worn)
 o - the +1 ring mail "Xufox" {Regen+ rCorr SInv}
   (You found it on level 2 of the Dungeon)

   SInv:      It lets you see invisible.
   Regen:     It increases your rate of health regeneration.
   rCorr:     It protects you from acid and corrosion.
 q - a +0 leather armour (worn)
Jewellery
 e - a ring of fire (left hand)
Scrolls
 h - a scroll of identify
 k - 2 scrolls of blinking
 u - a scroll of enchant weapon {unknown}
Potions
 b - 2 potions of magic
 c - 2 potions of might
 g - a potion of cancellation
 l - a potion of mutation {unknown}
 m - a potion of invisibility
 n - 5 potions of curing
 r - a potion of brilliance
 s - 2 potions of flight
 t - a potion of heal wounds
 v - a potion of berserk rage {unknown}


   Skills:
 + Level 2.5 Fighting
 + Level 2.0 Maces & Flails
 + Level 0.0 Throwing
 * Level 3.3 Armour
 - Level 2.0 Dodging
 - Level 3.0 Stealth
 + Level 3.0 Spellcasting
 + Level 2.1 Conjurations
 - Level 1.0 Transmutations
 * Level 5.5 Earth Magic


You had 6 spell levels left.
You knew the following spells:

 Your Spells              Type           Power      Damage    Failure   Level
a - Sandblast             Erth           42%        2d11      2%          1
b - Stone Arrow           Conj/Erth      30%        3d8       14%         3
c - Passwall              Tmut/Erth      10%        N/A       9%          2

Your spell library contained the following spells:

 Spells                   Type           Power      Damage    Failure   Level
 Momentum Strike          Conj/Tloc      12%        3d8       22%         2
 Blink                    Tloc           4%         N/A       32%         2
 Lesser Beckoning         Tloc           4%         N/A       32%         2
 Ignite Poison            Fire/Tmut/Pois 5%         N/A       50%         3
 Petrify                  Tmut/Erth      13%        N/A       50%         4
 Kindle Blastsparks       Fire/Tloc/Air  6%         2d10      54%         3
 Freezing Cloud           Conj/Ice/Air   2%         6-21      99%         5


Dungeon Overview and Level Annotations

Branches:
Dungeon (4/15)              Sewer (visited)
 Temple: D:4-7

Altars:
Dithmenos
Gozag
Qazlal
Yredelemnul

Annotations:
D:4 Blork the orc, Menkaure


Innate Abilities, Weirdness & Mutations

You are immune to sickness and miasma.
Your stone body is resilient. (AC +4)
You are immune to poison.
You resist negative energy. (rN+)
You are resistant to electric shocks. (rElec)
You are resistant to unholy torment.
You are immune to petrification.


Message History

Blork the orc begins to cast a cantrip, but forgets the words!
Blork the orc gestures at you while chanting.
The magic dart hits you.
* * * LOW HITPOINT WARNING * * *
Blork the orc hits you from afar with a +0 halberd.
* * * LOW HITPOINT WARNING * * *
Casting: Sandblast (safe; 2% risk of failure)
Confirm with . or Enter, or press ? or * to list all spells.
Aiming: Sandblast (safe; 2% risk of failure)
Press: ? - help, Shift-Dir - straight line, f/p - Blork the orc
Aim: Blork the orc, wielding a +0 halberd and wearing a +2 robe of resistance (heavily wounded, fast, unusually resistant, 85% to hit)
The blast of sand hits Blork the orc.
Blork the orc is heavily wounded.
Blork the orc hits you from afar with a +0 halberd.
* * * LOW HITPOINT WARNING * * *
Blork the orc misses you.
You feel much better. Blork the orc misses you.
Casting: Sandblast (safe; 2% risk of failure)
Confirm with . or Enter, or press ? or * to list all spells.
Aiming: Sandblast (safe; 2% risk of failure)
Press: ? - help, Shift-Dir - straight line, f/p - Blork the orc
Aim: Blork the orc, wielding a +0 halberd and wearing a +2 robe of resistance (heavily wounded, fast, unusually resistant, 85% to hit)
The blast of sand hits Blork the orc!
Blork the orc is severely wounded.
Blork the orc barely misses you.
Blork the orc hits you from afar with a +0 halberd.
Blork the orc hits you from afar with a +0 halberd!
* * * LOW HITPOINT WARNING * * *
Casting: Sandblast (safe; 2% risk of failure)
Confirm with . or Enter, or press ? or * to list all spells.
Aiming: Sandblast (safe; 2% risk of failure)
Press: ? - help, Shift-Dir - straight line, f/p - Blork the orc
Aim: Blork the orc, wielding a +0 halberd and wearing a +2 robe of resistance (severely wounded, fast, unusually resistant, 85% to hit)
The blast of sand hits Blork the orc!
Blork the orc is almost dead.
Blork the orc is no longer moving quickly.
Blork the orc hits you from afar with a +0 halberd.
* * * LOW HITPOINT WARNING * * *
Blork the orc hits you from afar with a +0 halberd!
You die...

......o# ####### .......+
##.....## .......#
#...!...## .......#
#........#
.......#########........#
##......................#
##.....(.............?.#
##....................#
#####......o.@.......#
##..............##
##.....##.....##
##############


You could see Blork the orc (resistant).

Vanquished Creatures
  An ogre (D:3)
  A centaur (D:3)
  2 kobold brigands (Sewer)
  A scorpion (D:3)
  4 adders
  3 gnolls (D:3)
  3 worms
  2 dart slugs (D:1)
  7 bats
  6 endoplasms
  3 giant cockroaches
  4 goblins
  4 hobgoblins
  3 jackals (D:2)
  2 quokkas
  4 ball pythons
  3 frilled lizards
  11 kobolds
  18 rats
82 creatures vanquished.

Notes
Turn   | Place    | Note
-------+----------+-------------------------------------------
     0 | D:1      | Lobster4 the Gargoyle Earth Elementalist began the quest
                  | for the Orb.
     0 | D:1      | Reached XP level 1. HP: 10/10 MP: 3/3
   237 | D:1      | Reached XP level 2. HP: 16/16 MP: 3/5
   265 | D:1      | Reached skill level 1 in Transmutations
   834 | D:1      | Reached XP level 3. HP: 17/20 MP: 6/6
   838 | D:1      | Learned a level 3 spell: Stone Arrow
  1385 | D:2      | Reached skill level 1 in Armour
  1409 | D:2      | Reached skill level 1 in Fighting
  1496 | D:2      | Identified the +1 ring mail "Xufox" {Regen+ rCorr SInv}
  1499 | D:2      | Reached skill level 4 in Earth Magic
  1509 | D:2      | Reached XP level 4. HP: 24/25 MP: 0/7
  2241 | D:3      | Noticed an ogre
  2255 | D:3      | Killed an ogre
  2256 | D:3      | Reached skill level 1 in Maces & Flails
  2256 | D:3      | Reached XP level 5. HP: 30/30 MP: 2/8
  2284 | D:3      | Reached skill level 1 in Conjurations
  2316 | D:3      | Learned a level 2 spell: Passwall
  2334 | D:3      | Reached XP level 6. HP: 24/35 MP: 3/10
  2569 | D:3      | Reached skill level 5 in Earth Magic
  2579 | D:3      | Found a glowing drain.
  2588 | Sewer    | Entered a sewer
  2730 | Sewer    | Reached XP level 7. HP: 35/40 MP: 1/11
  2825 | Sewer    | Found a white marble altar of Elyvilon.
  2998 | D:3      | Found a stormy altar of Qazlal.
  3001 | D:3      | Found a shadowy altar of Dithmenos.
  3004 | D:3      | Found a basalt altar of Yredelemnul.
  3007 | D:3      | Found an opulent altar of Gozag.
  3131 | D:3      | Found a faded altar of an unknown god.
  3722 | D:4      | Noticed Menkaure
  3787 | D:4      | Noticed Blork the orc
  3809 | D:4      | HP: 2/40 [Blork the orc/+0 halberd (6)]
  3812 | D:4      | Slain by Blork the orc

Illustrated notes

Levels and vault maps discovered:
D:1:      roderic_octagonal_star, layout_basic
D:2:      layout_basic, minmay_circle_x
D:3:      kb_forest_paths, layout_basic, grunt_temple_overflow_cloverleaf,
          cheibrodos_sewer_entry_sluice, nicolae_ecumenical_lake_church
D:4:      layout_rooms, nicolae_hepliaklqana_monster_ancestors,
          minmay_temple_entry_statues_fountains, uniq_natasha,
          uniq_blork_the_orc, uniq_menkaure

Skill      XL: |  1  2  3  4  5  6  7 |
---------------+----------------------+-----
Transmutations | 1 |  1.0
Armour         | 1 2 3 |  3.3
Fighting       | 1 2 |  2.5
Earth Magic    | 4 5 |  5.5
Maces & Flails | 1 2 |  2.0
Dodging        | 2 |  2.0
Stealth        | 3 |  3.0
Conjurations   | 1 2 |  2.1
Spellcasting   | 3 |  3.0

Action                     |  1- 3 |  4- 6 |  7- 9 || total
---------------------------+-------+-------+-------++-------
  Melee: Mace              |     7 |    23 |     6 ||    36
  Throw: Dart              |       |       |     3 ||     3
   Cast: Sandblast         |    49 |    52 |    25 ||   126
    Use: Scroll            |       |    12 |       ||    12
         Potion            |       |       |     1 ||     1
   Stab: Sleeping          |     2 |       |       ||     2
 Armour: Robe              |    12 |    13 |     2 ||    27
         Leather armour    |       |       |     7 ||     7
  Dodge: Dodged            |    13 |    78 |    11 ||   102

Table legend: (Time is in decaauts)
 A = Elapsed time spent in this place.
 B = Non-inter-level travel time spent in this place.
 C = Inter-level travel time spent in this place.
 D = Time resting spent in this place.
 E = Time spent auto-exploring this place.
 F = Levels seen in this place.
 G = Mean time per level.
                   A        B        C        D        E       F      G
               +--------+--------+--------+--------+--------+-----+--------+
         Total |   3933 |   3722 |    211 |    210 |   2596 |   5 |  786.6 |
       Dungeon |   3602 |   3391 |    211 |    126 |   2468 |   4 |  900.5 |
         Sewer |    331 |    331 |      0 |     84 |    127 |   1 |  331.0 |
               +--------+--------+--------+--------+--------+-----+--------+

Top non-repeatable levels by time:
     D:3: 1294 daAuts
     D:1: 1149 daAuts
     D:2: 1089 daAuts
   Sewer: 331 daAuts
     D:4: 69 daAuts
